 Dungeon Crawl Stone Soup version 0.30-a0-949-g53dc5368d7 (webtiles) character file.

Game seed: 15701368734146216358

845 lunkers the Cutter (level 8, -4/30 (62) HPs)
             Began as a Meteoran Reaver on Mar 28, 2023.
             Was a Believer of Okawaru.
             Slain by a killer bee (8 damage)
             ... on level 6 of the Dungeon.
             The game lasted 00:09:32 (1984 turns).

lunkers the Cutter (Meteoran Reaver)                Turns: 1984, Time: 00:09:33

HP:   -4/30 (62)    AC:  5    Str: 15      XL:     8   Next: 44%
MP:   8/13          EV: 14    Int: 14      God:    Okawaru [**....]
Gold: 192           SH:  5    Dex: 12 (14) Spells: 11/12 levels left

rFire   . . .      SeeInvis .    b - +1 short sword (speed)
rCold   . . .      Faith    .    (no shield)
rNeg    . . .      Spirit   .    f - +0 leather armour
rPois   .          Reflect  +    k - +0 helmet
rElec   .          Rampage  .    (no cloak)
rCorr   +                        (no gloves)
Will    +....                    (no boots)
Stlth   +                        c - amulet of reflection
HPRegen 0.25/turn                h - ring of resist corrosion
MPRegen 0.13/turn                (no ring)

@: heroic, hasted, glowing, extremely drained, very quick
A: sense surroundings 1, otherworldly, glowing, explore regen
a: Renounce Religion, Heroism


You were on level 6 of the Dungeon.
You worshipped Okawaru.
Okawaru was pleased with you.
You visited 2 branches of the dungeon, and saw 7 of its levels.

You collected 192 gold pieces.

Inventory:

Hand Weapons
 a - a +0 falchion of flaming
 b - a +1 short sword of speed (weapon)
Missiles
 l - 5 curare-tipped darts
Armour
 f - a +0 leather armour (worn)
 k - a +0 helmet (worn)
Jewellery
 c - an amulet of reflection (around neck)
 h - a ring of resist corrosion (left hand)
Scrolls
 j - 3 scrolls of teleportation
 r - 2 scrolls of magic mapping
Potions
 d - 2 potions of mutation
 g - a potion of curing
 i - 2 potions of heal wounds {unknown}
 m - a potion of cancellation {unknown}
 o - a potion of invisibility {unknown}
 p - a potion of lignification {unknown}
 q - a potion of berserk rage {unknown}


   Skills:
 + Level 2.6(7.6) Fighting
 - Level 7.2(13.0) Short Blades
 - Level 5.5(12.5) Long Blades
 + Level 1.2(6.2) Armour
 + Level 2.9(7.9) Dodging
 - Level 2.6 Spellcasting
 - Level 3.6 Conjurations
 + Level 4.3 Invocations


You had 11 spell levels left.
You knew the following spells:

 Your Spells              Type           Power      Damage    Failure   Level
p - Kiss of Death         Conj/Necr      24%        2d7       13%         1

Your spell library contained the following spells:

 Spells                   Type           Power      Damage    Failure   Level
 Momentum Strike          Conj/Tloc      12%        3d8       19%         2
 Necrotise                Necr           4%         1d4       26%         1
 Hailstorm                Conj/Ice       6%         3d4       36%         3
 Confusing Touch          Hex            1%         N/A       61%         3
 Portal Projectile        Hex/Tloc       2%         N/A       61%         3
 Vampiric Draining        Necr           1%         2d6       61%         3
 Dispel Undead            Necr           1%         3d6       95%         4
 Agony                    Necr           1%         N/A       100%        5
 Blade Hands              Tmut           0%         N/A       100%        5
 Tukima's Dance           Hex            Unusable   N/A       N/A         3

Dungeon Overview and Level Annotations

Branches:
Dungeon (6/15) Zot: 1795   Temple (1/1) D:4 Zot: 581

Altars:
Ashenzari
Cheibriados
Dithmenos
Gozag
Hepliaklqana
Nemelex Xobeh
Okawaru
Qazlal
Ru
Trog
Uskayaw
Vehumet
Yredelemnul
The Shining One

Shops:
D:2 (

Annotations:
D:5 3 runed translucent doors, a11behringer's ghost, amateur BaRe


Innate Abilities, Weirdness & Mutations

You passively map a small area around you.
You are easily found by Zot.
You glow in the dark.
You regain HP and MP as you explore.


Message History

Aiming: Kiss of Death (safe; 13% risk of failure)
Press: ? - help, Shift-Dir - straight line, f/p - Eustachio
Aim: Eustachio, wielding a +0 falchion and wearing a +0 leather armour (almost dead, heavily drained, 100% to hit)
The negative energy hits Eustachio!
Eustachio is drained!
You kill Eustachio!
Okawaru is honoured by your kill.
The quasit disappears in a puff of smoke!
You feel drained.
You feel your dexterity returning.
Base training target 8.0 for Short Blades reached!
You need to enable at least one skill for training.
Your base Armour skill increases to level 1!
Okay, then.
You hit the killer bee but do no damage.
You miss the killer bee.
You punch the killer bee, but do no damage.
The killer bee misses you.
You closely miss the killer bee. You hit the killer bee.
The killer bee is heavily wounded.
The killer bee stings you but does no damage.
You miss the killer bee.
The killer bee is heavily wounded.
You barely miss the killer bee. Your punch misses the killer bee.
The killer bee is heavily wounded.
The killer bee stings you but does no damage.
You hit the killer bee.
The killer bee is heavily wounded.
You barely miss the killer bee.
The killer bee is heavily wounded.
You block the killer bee's attack.
You hit the killer bee. Your punch misses the killer bee.
The killer bee is almost dead.
You miss the killer bee.
The killer bee is almost dead.
You hit the killer bee but do no damage.
Your punch misses the killer bee.
The killer bee is almost dead.
The killer bee stings you!
You die...

###.####....#...........
...@.........?.......###
,...............######
*##............########
#.......#............
#...y...#######>.....
####y#### ##.###. #y#
#..##. #@# ##..## #)#
#.# #.# .## #.# ..# #.#
* .. #.# #..... #.# *
*** ..#... #.# ,.>...
#.# ,* *#...


You could see 3 killer bees.

Vanquished Creatures
  Eustachio (D:6)
  An ice beast (D:6)
  A water moccasin (D:6)
  A centaur (D:5)
  A bullfrog (D:6)
  2 scorpions
  A killer bee (D:6)
  A hound (D:5)
  4 iguanas
  3 adders
  A white imp (D:5)
  2 dart slugs
  3 endoplasms
  2 giant cockroaches (D:1)
  4 goblins
  7 hobgoblins
  2 jackals (D:5)
  5 quokkas
  2 ball pythons (D:1)
  5 bats
  2 frilled lizards (D:1)
  2 kobolds
  3 rats
56 creatures vanquished.

Vanquished Creatures (others)
  3 plants (D:1)
3 creatures vanquished.

Grand Total: 59 creatures vanquished

Notes
Turn   | Place    | Note
-------+----------+-------------------------------------------
     0 | D:1      | lunkers the Meteoran Reaver began the quest for the Orb.
     0 | D:1      | Reached XP level 1. HP: 17/17 MP: 5/5
    59 | D:1      | Reached XP level 2. HP: 24/24 MP: 6/6
   274 | D:1      | Reached XP level 3. HP: 26/29 MP: 8/8
   299 | D:1      | Reached skill level 1 in Short Blades
   555 | D:2      | Reached skill level 2 in Short Blades
   604 | D:2      | Found Datesiog's Weapon Shop.
   930 | D:3      | Reached XP level 4. HP: 35/36 MP: 9/9
  1170 | D:4      | Found a staircase to the Ecumenical Temple.
  1215 | Temple   | Entered the Ecumenical Temple
  1224 | Temple   | Became a worshipper of Warmaster Okawaru
  1241 | D:4      | Noticed a scorpion
  1253 | D:4      | Killed a scorpion
  1254 | D:4      | Reached skill level 4 in Short Blades
  1254 | D:4      | Reached XP level 5. HP: 12/40 MP: 6/10
  1258 | D:4      | Noticed a black bear
  1273 | D:5      | Entered Level 5 of the Dungeon
  1286 | D:5      | Reached XP level 6. HP: 10/41 MP: 8/11
  1317 | D:5      | Reached skill level 5 in Short Blades
  1383 | D:5      | Noticed a centaur
  1391 | D:5      | Killed a centaur
  1392 | D:5      | Reached skill level 5 in Long Blades
  1431 | D:5      | Reached skill level 1 in Invocations
  1455 | D:5      | Reached * piety under Okawaru
  1456 | D:5      | Reached XP level 7. HP: 19/49 MP: 10/12
  1537 | D:5      | Found a runed translucent gate.
  1538 | D:5      | Found a runed translucent gate.
  1539 | D:5      | Found a runed translucent gate.
  1540 | D:5      | Noticed a11behringer's ghost (amateur BaRe)
  1632 | D:6      | Found a hazy altar of Hepliaklqana.
  1633 | D:6      | Noticed Eustachio
  1648 | D:6      | Found a bloodstained altar of Trog.
  1657 | D:6      | Noticed a water moccasin
  1672 | D:6      | HP: 1/27 [poisoned by a water moccasin]
  1673 | D:6      | Reached skill level 6 in Short Blades
  1678 | D:6      | Killed a water moccasin
  1762 | D:6      | Reached ** piety under Okawaru
  1763 | D:6      | Reached XP level 8. HP: 16/47 MP: 13/13
  1940 | D:6      | Reached skill level 7 in Short Blades
  1973 | D:6      | Killed Eustachio
  1974 | D:6      | Reached skill level 1 in Armour
  1984 | D:6      | Slain by a killer bee

Illustrated notes

Levels and vault maps discovered:
D:1:      minmay_arrival_plants_in_alcoves, layout_basic, kennysheep_crisscross,
          interstate_on_off, chequers_big_river
D:2:      layout_basic, serial_shops, shop_statue
D:3:      layout_loops_corners, grunt_temple_overflow_champion_of_chaos
D:4:      layout_loops_ring, minmay_temple_entry_butterflies,
          minmay_pentomino_pile
D:5:      layout_basic, lemuel_coloured_pillars_altar,
          gammafunk_ghost_necromancy
D:6:      layout_rooms, mainiacjoe_overflow_tiny_flanked, old_standard_altar,
          uniq_eustachio
Temple:   nicolae_temple_no_exploring_needed

Skill      XL: |  1  2  3  4  5  6  7  8 |
---------------+-------------------------+-----
Long Blades    | 4 5 |  5.5
Short Blades   | 2 4 5 6 7 |  7.2
Invocations    | 1 4 |  4.3
Armour         | 1 |  1.2
Fighting       | |  2.6
Dodging        | |  2.9
Spellcasting   | |  2.6
Conjurations   | |  3.6

Action                     |  1- 3 |  4- 6 |  7- 9 || total
---------------------------+-------+-------+-------++-------
  Melee: Falchion          |    33 |       |     8 ||    41
         Short sword       |    70 |    90 |   129 ||   289
         Punch             |       |     1 |     4 ||     5
   Cast: Kiss of Death     |       |     5 |     8 ||    13
 Invoke: Heroism           |       |       |     2 ||     2
    Use: Scroll            |       |     7 |     4 ||    11
         Potion            |       |       |     3 ||     3
 Armour: Leather armour    |    32 |    16 |    29 ||    77
  Dodge: Dodged            |    47 |    36 |    50 ||   133
  Block: Other             |       |     9 |    29 ||    38
         Reflection        |       |     2 |       ||     2

Table legend: (Time is in decaauts)
 A = Elapsed time spent in this place.
 B = Non-inter-level travel time spent in this place.
 C = Inter-level travel time spent in this place.
 D = Time resting spent in this place.
 E = Time spent auto-exploring this place.
 F = Levels seen in this place.
 G = Mean time per level.
                   A        B        C        D        E       F      G
               +--------+--------+--------+--------+--------+-----+--------+
         Total |   1823 |   1781 |     42 |      0 |   1204 |   7 |  260.4 |
       Dungeon |   1804 |   1780 |     24 |      0 |   1204 |   6 |  300.7 |
        Temple |     18 |      1 |     17 |      0 |      0 |   1 |   18.0 |
               +--------+--------+--------+--------+--------+-----+--------+

Top non-repeatable levels by time:
     D:3: 457 daAuts
     D:1: 356 daAuts
     D:2: 320 daAuts
     D:6: 308 daAuts
     D:5: 280 daAuts
     D:4: 81 daAuts
  Temple: 18 daAuts
